 Dungeon Crawl Stone Soup version 0.29.1-15-g9cfb28693d (webtiles) character file.

Game seed: 12554677307713564048

749 Atelerd the Digger (level 7, -1/41 HPs)
             Began as an Octopode Earth Elementalist on May 1, 2023.
             Slain by an ogre
             ... wielding a +0 giant club
              (15 damage)
             ... on level 5 of the Dungeon.
             The game lasted 00:03:59 (5767 turns).

Atelerd the Digger (Octopode Earth Elementalist)    Turns: 5767, Time: 00:04:00

Health: -1/41      AC:  1    Str:  8    XL:     7   Next: 77%
Magic:  12/14      EV: 13    Int: 19    God:
Gold:   264        SH:  0    Dex: 12    Spells: 10/15 levels left

rFire   . . .      SeeInvis .   c - +0 dagger
rCold   . . .      Faith    .   (no shield)
rNeg    . . .      Spirit   .   (helmet restricted)
rPois   .          Reflect  .   (no amulet)
rElec   .          Harm     .   m - ring of wizardry
rCorr   .          Rampage  .   (no ring)
Will    .....                   (no ring)
Stlth   +++.......              (no ring)
HPRegen 0.13/turn               (no ring)
MPRegen 0.14/turn               (no ring)
                                (no ring)
                                (no ring)

@: no status effects
A: almost no armour, amphibious, 8 rings, camouflage 1, gelatinous body 1,
(nimble swimmer 1), tentacles
a: no special abilities


You were on level 5 of the Dungeon.
You visited 1 branch of the dungeon, and saw 5 of its levels.

You collected 264 gold pieces.

Inventory:

Hand Weapons
 c - a +0 dagger (weapon)
Jewellery
 m - a ring of wizardry (left tentacle)
Wands
 r - a wand of flame (4)
Scrolls
 b - 4 scrolls of identify {unknown}
 d - a scroll of summoning {unknown}
 g - a scroll of poison {unknown}
 j - 2 scrolls of blinking {unknown}
 k - 2 scrolls of teleportation {unknown}
 n - a scroll of fog {unknown}
 o - a scroll of noise {unknown}
 q - a scroll of silence {unknown}
 t - a scroll of torment {unknown}
Potions
 a - a potion of magic
 e - a potion of mutation {unknown}
 f - 2 potions of attraction {unknown}
 h - a potion of heal wounds {unknown}
 i - a potion of haste {unknown}
 l - a potion of invisibility {unknown}
 p - a potion of degeneration {unknown}
 s - a potion of resistance {unknown}
 u - a potion of lignification {unknown}


   Skills:
 - Level 2.0 Dodging
 - Level 2.6 Stealth
 + Level 4.7 Spellcasting
 + Level 4.7 Transmutations
 + Level 5.6 Earth Magic


You had 10 spell levels left.
You knew the following spells:

 Your Spells              Type           Power      Damage    Failure   Level
a - Sandblast             Erth           52%        2d12      1%          1
p - Petrify               Tmut/Erth      24%        N/A       6%          4

Your spell library contained the following spells:

 Spells                   Type           Power      Damage    Failure   Level
 Passwall                 Tmut/Erth      20%        N/A       1%          2
 Stone Arrow              Conj/Erth      30%        3d8       4%          3
 Conjure Ball Lightning   Conj/Air       2%         3x3d6     99%         6
 Discord                  Hex            2%         N/A       100%        8
 Disjunction              Tloc           2%         N/A       100%        8


Dungeon Overview and Level Annotations

Branches:
Dungeon (5/15)
 Temple: D:4-7

Altars:
Cheibriados
Elyvilon
Fedhas

Shops:
D:1 (

Annotations:
D:3 exclusion: downstairs


Innate Abilities, Weirdness & Mutations

You cannot wear most types of armour.
You are amphibious.
You can wear up to eight rings at the same time.
Your skin changes colour to match your surroundings (Stealth+).
Your rubbery body absorbs attacks. (AC +1, EV +1)
((You are camouflaged when in or above water. (Stealth+)))
You have tentacles for arms and can constrict up to eight enemies at once.


Message History

You can't see any susceptible monsters within range! (Use Z to cast anyway.)
The blast of sand hits the orc!
You kill the orc!
No target in view!
You can't see any susceptible monsters within range! (Use Z to cast anyway.)
You can't see any susceptible monsters within range! (Use Z to cast anyway.) No target in view!
Found 2 stones.
You open the door.
There is an open door here.
An ogre comes into view. It is wielding a +0 giant club.
The ogre shouts!
An ogre is nearby!
Found a potion of magic and a buckler.
The blast of sand hits the ogre!
The ogre is heavily wounded.
The ogre hits you with a +0 giant club!!
Ouch! That really hurt!
An ogre is nearby!
You are too injured to fight recklessly!
An ogre is nearby!
You are too injured to fight recklessly!
You are too injured to fight recklessly!
An ogre is nearby!
You are too injured to fight recklessly!
You are too injured to fight recklessly!
An ogre is nearby!
You are too injured to fight recklessly!
You are too injured to fight recklessly!
An ogre is nearby!
You are too injured to fight recklessly!
Casting: Sandblast (safe; 1% risk of failure)
Confirm with . or Enter, or press ? or * to list all spells.
Aiming: Sandblast (safe; 1% risk of failure)
Press: ? - help, Shift-Dir - straight line, f/p - ogre
Aim: an ogre, wielding a +0 giant club (heavily wounded, 92% to hit)
The blast of sand hits the ogre!
The ogre is almost dead.
The ogre hits you with a +0 giant club!
You die...

#..........................#
####.......................)..#
.........#######..............#
....###'##.....#########......#
.. #............... #.......
#.............. . #......(
+...##.....##. ... #.......
###+##.....##..... #.......
#....@O...... #.......
#.....$...... #.......
#.....##..... #....... #.....#
.... #....... #...... ...
#....... #....... !. #.......
#........ [ #....... #########
#....... ########


You could see an ogre.

Vanquished Creatures
  Sigmund (D:3)
  Eustachio (D:4)
  A water moccasin (D:5)
  A centaur (D:5)
  A phantom (D:3)
  An iron imp (D:3)
  3 gnolls (D:4)
  3 adders
  A shadow imp (D:5)
  2 worms
  A dart slug (D:3)
  8 orcs
  5 ball pythons
  3 bats
  5 endoplasms
  2 giant cockroaches (D:3)
  10 goblins
  4 hobgoblins
  9 jackals
  7 kobolds
  3 quokkas
  3 frilled lizards
  7 rats
82 creatures vanquished.

Notes
Turn   | Place    | Note
-------+----------+-------------------------------------------
     0 | D:1      | Atelerd the Octopode Earth Elementalist began the quest for
                  | the Orb.
     0 | D:1      | Reached XP level 1. HP: 11/11 MP: 3/3
   331 | D:1      | Found a faded altar of an unknown god.
   402 | D:1      | Reached XP level 2. HP: 12/17 MP: 0/5
   954 | D:1      | Found Gummithe's Antique Weapon Emporium.
  1122 | D:2      | Reached XP level 3. HP: 21/21 MP: 6/6
  2647 | D:3      | Reached XP level 4. HP: 7/27 MP: 0/8
  2765 | D:3      | Learned a level 4 spell: Petrify
  3179 | D:3      | Noticed Sigmund
  3195 | D:3      | Killed Sigmund
  3196 | D:3      | Reached skill level 4 in Earth Magic
  3196 | D:3      | Reached XP level 5. HP: 8/31 MP: 4/10
  3196 | D:3      | Reached XP level 6. HP: 10/36 MP: 4/11
  3776 | D:3      | Found a snail-covered altar of Cheibriados.
  4104 | D:4      | Noticed Eustachio
  4935 | D:4      | Killed Eustachio
  4936 | D:4      | Reached skill level 5 in Earth Magic
  4936 | D:4      | Reached XP level 7. HP: 32/41 MP: 4/13
  5153 | D:4      | Found a white marble altar of Elyvilon.
  5172 | D:4      | Found a blossoming altar of Fedhas.
  5477 | D:5      | Entered Level 5 of the Dungeon
  5767 | D:5      | Slain by an ogre

Illustrated notes

Levels and vault maps discovered:
D:1:      dpeg_arrival_shrine, layout_loops_ring, basic_ecumenical_altar,
          serial_shops, shop
D:2:      layout_basic
D:3:      layout_basic, slow_altar_2, uniq_sigmund
D:4:      layout_rooms, mainiacjoe_overflow_catwalk_spiral, kennysheep_potato,
          uniq_eustachio
D:5:      layout_gridville

Skill      XL: |  1  2  3  4  5  6 |
---------------+-------------------+-----
Transmutations | 2 3 4 |  4.7
Spellcasting   | 3 4 |  4.7
Earth Magic    | 4 5 |  5.6
Dodging        | |  2.0
Stealth        | |  2.6

Action                   |  1- 3 |  4- 6 |  7- 9 || total
-------------------------+-------+-------+-------++-------
Melee: Unarmed           |     6 |       |       ||     6
       Dagger            |    34 |    40 |     7 ||    81
       Constrict         |    10 |    12 |     2 ||    24
       Tentacles         |     5 |    12 |     4 ||    21
       Punch             |     1 |       |       ||     1
 Cast: Sandblast         |    29 |    49 |    19 ||    97
       Petrify           |       |     2 |     3 ||     5
  Use: Potion            |       |     1 |     1 ||     2
 Stab: Sleeping          |     6 |     5 |       ||    11
       Petrified         |       |     7 |       ||     7
Armor: Skin              |       |    23 |     1 ||    24
Dodge: Dodged            |    37 |    94 |    22 ||   153
